Cogmind - Beta 14 @@@ ROGUE MODE // 2024.09.28 @ 17:02:03 Player: BionicBot Result: Self-destructed Performance ------------- Evolutions (3) 1500 Regions Visited (5) 1000 Robots Destroyed (3) 15 Value Destroyed (81) 81 Prototype IDs (1) 20 Alien Tech Used (0) 0 Bonus (834) 834 TOTAL SCORE: 3450 Bonus ------- Pacifist 834 Cogmind --------- Core Integrity 691/700 Matter 103/300 Energy 100/100 System Corruption 2% Temperature Cool (0) Movement Core (50) Location -7/Lower Caves Parts ------- > --- POWER (1) -------- (None) > --- PROPULSION (7) --- Light Treads Improved Carbon-fiber Leg Improved Titanium Leg Faulty Aerolev Unit > --- UTILITY (3) ------ Insulated Plating > --- WEAPON (2) ------- (None) > --- INVENTORY (5) ---- Rocket Launcher Peak State ------------ > --- POWER ------------ (None) > --- PROPULSION ------- Light Treads Light Treads Improved Carbon-fiber Leg Improved Titanium Leg Aerolev Unit > --- UTILITY ---------- Insulated Plating > --- WEAPON ----------- (None) > --- INVENTORY -------- Rocket Launcher [Rating: 17] Favorites ----------- Power None Propulsion Light Treads Treads Light Treads Leg Improved Titanium Leg Hover Unit Aerolev Unit Utility Insulated Plating Protection Insulated Plating Weapon Rocket Launcher Launcher Rocket Launcher Build | -11 -10 -9 -8 -7 -7 ------- Run | Yrd Mat Mat Mat Fac Low Slots Evolved 6 | . . 2 2 2 . Power . | . . . . . . Propulsion 5 | . . 2 1 2 . Utility 1 | . . . 1 . . Weapon . | . . . . . . Parts Attached 7 | 2 . . 1 4 . Power . | . . . . . . Engine . | . . . . . . Core . | . . . . . . Reactor . | . . . . . . Propulsion 5 | 2 . . 1 2 . Treads 2 | 2 . . . . . Leg 2 | . . . . 2 . Wheel . | . . . . . . Hover 1 | . . . 1 . . Flight . | . . . . . . Utility 1 | . . . . 1 . Device . | . . . . . . Storage . | . . . . . . Processor . | . . . . . . Hackware . | . . . . . . Protection 1 | . . . . 1 . Artifact . | . . . . . . Weapon 1 | . . . . 1 . Energy Gun . | . . . . . . Energy Cannon . | . . . . . . Ballistic Gun . | . . . . . . Ballistic Cannon . | . . . . . . Launcher 1 | . . . . 1 . Special Weapon . | . . . . . . Impact Weapon . | . . . . . . Slashing Weapon . | . . . . . . Piercing Weapon . | . . . . . . Special Melee Weapon . | . . . . . . Unidentified Prototypes 1 | . . . 1 . . Parts Lost 1 | . . . . 1 . Power . | . . . . . . Propulsion 1 | . . . . 1 . Utility . | . . . . . . Weapon . | . . . . . . Highest Loss Streak 1 | . . . . 1 . To Critical Strikes . | . . . . . . Average Slot Usage (%) 28 | . 28 22 19 30 . Treads 17 | . 28 22 18 14 . Hover 4 | . . . 1 7 . Protection 4 | . . . . 6 . Peak Build Rating 17 | 2 2 2 6 17 . Average Rating 7 | 1 2 2 2 9 . On Entrance 4 | . 2 2 2 6 16 Naked Turns . | . . . . . . Heaviest Build 3 | . . . . 3 . Greatest Support 3 | 3 3 3 3 3 . Greatest Overweight (x) . | . . . . . . Average Overweight (x) . | . . . . . . Largest Inventory Capacity 5 | 5 5 5 5 5 . Average Capacity 5 | 5 5 5 5 5 . Most Carried 1 | . . . 1 1 . Average Carried . | . . . . . . Final Capacity 5 | 5 5 5 5 5 5 Final Carried 1 | . . . 1 1 1 Class Distribution -------------------- 100% | Mutant Dominant Class ---------------- Mutant | -10/Materials Mutant | -9/Materials Mutant | -8/Materials Mutant | -7/Factory Mutant | -7/Lower Caves Resources | -11 -10 -9 -8 -7 -7 ----------- Run | Yrd Mat Mat Mat Fac Low Matter Collected 56 | 56 . . . . . Remotely . | . . . . . . Salvage Created 54 | . . . . 54 . Parts 7 | . . . . 7 . Haulers Intercepted . | . . . . . . Recyclers Shooed . | . . . . . . Parts Field Recycled . | . . . . . . Retrieved Matter . | . . . . . . Parts Self-Destructed . | . . . . . . Prevented . | . . . . . . Kills | -11 -10 -9 -8 -7 -7 ------- Run | Yrd Mat Mat Mat Fac Low Combat Hostiles Destroyed 3 | . . . . 3 . AOE 3 | . . . . 3 . Classes Destroyed 1 | . . . . 1 . Swarmer 3 | . . . . 3 . Best Kill Streak 3 | . . . . 3 . Combat Bots Only 3 | . . . . 3 . Max Kills in Single Turn 3 | . . . . 3 . Gunslinging . | . . . . . . Exploded 3 | . . . . 3 . Melee . | . . . . . . Uniques/NPCs Destroyed . | . . . . . . Combat | -11 -10 -9 -8 -7 -7 -------- Run | Yrd Mat Mat Mat Fac Low Hostile Shots Fired 91 | . 24 4 36 27 . Missed 43 | . 13 1 15 14 . Damage Taken 512 | . 112 24 203 173 . Core 98 | . 43 6 40 9 . Absorbed by Shields . | . . . . . . Core Remaining (%) 93 | 100 82 98 92 . . Volleys Fired 1 | . . . . 1 . Largest 1 | . . . . 1 . Hottest 33 | . . . . 33 . Shots Fired 1 | . . . . 1 . Gun . | . . . . . . Cannon . | . . . . . . Launcher 1 | . . . . 1 . Special . | . . . . . . Kinetic . | . . . . . . Thermal . | . . . . . . Explosive 1 | . . . . 1 . Electromagnetic . | . . . . . . Robot Hit Streak 1 | . . . . 1 . Robot Miss Streak . | . . . . . . Penetration Max . | . . . . . . Secondary Targets . | . . . . . . Shots Hit Robots 1 | . . . . 1 . Core Hits 4 | . . . . 4 . Critical Kills . | . . . . . . Critical Parts Destroyed . | . . . . . . Critical Strikes . | . . . . . . Melee Attacks . | . . . . . . Impact . | . . . . . . Slashing . | . . . . . . Piercing . | . . . . . . Sneak Attacks . | . . . . . . Combat Hostiles . | . . . . . . Follow-up Attacks . | . . . . . . Damage Inflicted 175 | . . 5 . 170 . Guns . | . . . . . . Cannons . | . . . . . . Explosions 154 | . . . . 154 . Melee . | . . . . . . Ramming 21 | . . 5 . 16 . Kinetic . | . . . . . . Thermal . | . . . . . . Explosive 154 | . . . . 154 . Electromagnetic . | . . . . . . Impact . | . . . . . . Slashing . | . . . . . . Piercing . | . . . . . . Highest Corruption 2 | . . . 2 2 . Average Corruption 2 | . . . 2 2 . Corruption Purged . | . . . . . . Corruption Blocked . | . . . . . . Overload Shots . | . . . . . . Overflow Damage . | . . . . . . Projectiles . | . . . . . . Explosions . | . . . . . . Melee . | . . . . . . Knockbacks 1 | . . . . 1 . Impact 1 | . . . . 1 . Kinetic . | . . . . . . Secondary . | . . . . . . Self-Inflicted Damage 9 | . . 2 . 7 . Shots . | . . . . . . Rammed 8 | . . 2 . 6 . Targets Rammed 8 | . . 2 . 6 . Kicked . | . . . . . . Crushed . | . . . . . . Highest Temperature . | . . . . . . Average Temperature . | . . . . . . Received Heat Transfer 87 | . 39 . 36 12 . Siege Activations . | . . . . . . Robots Corrupted . | . . . . . . Combat Hostiles . | . . . . . . Parts Fried . | . . . . . . Impact Corruptions . | . . . . . . Robots Melted . | . . . . . . Combat Hostiles . | . . . . . . Parts Melted . | . . . . . . Heat Transferred . | . . . . . . Parts Sabotaged . | . . . . . . Parts Stolen . | . . . . . . Parts Stripped . | . . . . . . Power Chain Reactions . | . . . . . . Alert | -11 -10 -9 -8 -7 -7 ------- Run | Yrd Mat Mat Mat Fac Low Peak Influence 136 | . 45 18 52 136 . Initial 23 | . . 18 7 23 . Average 30 | . 14 18 24 37 . Maximum Alert Level . | . . . . . . Low Security (%) 100 | 100 100 100 100 100 . Level 1 . | . . . . . . Level 2 . | . . . . . . Level 3 . | . . . . . . Level 4 . | . . . . . . Level 5 . | . . . . . . High Security . | . . . . . . Max Security . | . . . . . . Squads Dispatched 2 | . 1 . 1 . . Investigation . | . . . . . . Extermination . | . . . . . . Reinforcement 2 | . 1 . 1 . . Assault . | . . . . . . Garrison . | . . . . . . Intercept . | . . . . . . Searches Triggered . | . . . . . . Construction Impeded . | . . . . . . Haulers Reinforced . | . . . . . . Active Scanning Responses . | . . . . . . Cargo Convoy Interrupts . | . . . . . . Stealth | -11 -10 -9 -8 -7 -7 --------- Run | Yrd Mat Mat Mat Fac Low Distress Signals 1 | . . . 1 . . Communications Jammed . | . . . . . . Distress Signals . | . . . . . . Times Spotted 27 | . 9 5 7 6 . Peak Tracking Total 8 | . 8 5 8 3 . Tactical Retreats . | . . . . . . Traps | -11 -10 -9 -8 -7 -7 ------- Run | Yrd Mat Mat Mat Fac Low Traps Triggered 2 | . . . 1 1 . Indirectly . | . . . . . . Trap Hack Attempts . | . . . . . . Triggered . | . . . . . . Disarmed . | . . . . . . Reprogrammed . | . . . . . . Reused . | . . . . . . Traps Extracted . | . . . . . . Installed . | . . . . . . Triggered . | . . . . . . Machines | -11 -10 -9 -8 -7 -7 ---------- Run | Yrd Mat Mat Mat Fac Low Machines Disabled . | . . . . . . Max in Single Turn . | . . . . . . Machines Repaired . | . . . . . . Machines Dismantled . | . . . . . . Machines Sabotaged . | . . . . . . Overloaded Fab Kills . | . . . . . . Hacking | -11 -10 -9 -8 -7 -7 --------- Run | Yrd Mat Mat Mat Fac Low Machines Accessed . | . . . . . . Terminals . | . . . . . . Fabricators . | . . . . . . Repair Stations . | . . . . . . Recycling Units . | . . . . . . Scanalyzers . | . . . . . . Garrison Access . | . . . . . . Total Hacks . | . . . . . . Successful . | . . . . . . Failed . | . . . . . . Catastrophic . | . . . . . . Database Lockouts . | . . . . . . Manual . | . . . . . . Terminals . | . . . . . . Fabricators . | . . . . . . Repair Stations . | . . . . . . Recycling Units . | . . . . . . Scanalyzers . | . . . . . . Garrison Access . | . . . . . . Terminal Hacks . | . . . . . . Fabricator Hacks . | . . . . . . Repair Station Hacks . | . . . . . . Recycling Unit Hacks . | . . . . . . Scanalyzer . | . . . . . . Garrison Access Hacks . | . . . . . . Unauthorized Hacks . | . . . . . . Terminals . | . . . . . . Fabricators . | . . . . . . Repair Stations . | . . . . . . Recycling Units . | . . . . . . Scanalyzers . | . . . . . . Garrison Access . | . . . . . . Data Cores Recovered . | . . . . . . Used . | . . . . . . Hacking Detections . | . . . . . . Full Trace Events . | . . . . . . Feedback Events . | . . . . . . Feedback Blocked . | . . . . . . Robot Schematics Acquired . | . . . . . . Robots Built . | . . . . . . Authchips . | . . . . . . Time . | . . . . . . Total Robot Build Rating . | . . . . . . Part Schematics Acquired . | . . . . . . Parts Built . | . . . . . . Authchips . | . . . . . . Time . | . . . . . . Total Part Build Rating . | . . . . . . Parts Repaired . | . . . . . . Time . | . . . . . . Parts Recycled . | . . . . . . Recycled Matter . | . . . . . . Retrieved Matter . | . . . . . . Retrieved Components . | . . . . . . Parts Scanalyzed . | . . . . . . Part Schematics Acquired . | . . . . . . Parts Damaged . | . . . . . . Bothacking | -11 -10 -9 -8 -7 -7 ------------ Run | Yrd Mat Mat Mat Fac Low Used RIF Installer . | . . . . . . Robots Hacked . | . . . . . . Non-combat . | . . . . . . Combat . | . . . . . . Robot Hacks Applied . | . . . . . . Relay Couplers Released . | . . . . . . Fabnet Peak Effective % . | . . . . . . Robots Rewired . | . . . . . . Allies Hacked . | . . . . . . Hacks Repelled . | . . . . . . Allies | -11 -10 -9 -8 -7 -7 -------- Run | Yrd Mat Mat Mat Fac Low Total Allies . | . . . . . . Largest Group . | . . . . . . Highest-Rated Group . | . . . . . . Highest-Rated Ally . | . . . . . . Total Orders . | . . . . . . Ally Attacks . | . . . . . . Total Damage . | . . . . . . Kills . | . . . . . . Allies Corrupted . | . . . . . . Allies Melted . | . . . . . . Intel | -11 -10 -9 -8 -7 -7 ------- Run | Yrd Mat Mat Mat Fac Low Robot Analysis Total . | . . . . . . Derelict Logs Recovered . | . . . . . . Drone Launches . | . . . . . . Drone Recoveries . | . . . . . . Exploration | -11 -10 -9 -8 -7 -7 ------------- Run | Yrd Mat Mat Mat Fac Low Turns Passed 477 | 12 47 43 61 314 . Spaces Moved 879 | 19 94 82 116 568 . Core 879 | 19 94 82 116 568 . Treads . | . . . . . . Legs . | . . . . . . Wheels . | . . . . . . Hover . | . . . . . . Flight . | . . . . . . Fastest Speed 50 | 50 50 50 50 50 . Average Speed 50 | 50 50 50 50 50 . Slowest Speed 50 | 50 50 50 50 50 . Overloaded Moves . | . . . . . . Propulsion Burnouts . | . . . . . . Robots Hopped . | . . . . . . Cave-ins Triggered . | . . . . . . Exploration Rate (%) 13 | 2 34 15 18 12 2 Regions Visited 5 Branch Regions 1 Pre-discovered Areas . | . . . . . . Known Exits Taken . | . . . . . . Unknown Exits Taken 5 | 1 1 1 1 1 . Scrap Searched . | . . . . . . Spaces Dug . | . . . . . . Terrain Destroyed 13 | . . . . 13 . Melee . | . . . . . . Projectile . | . . . . . . AOE 13 | . . . . 13 . Terrain Rammed . | . . . . . . Walls Destroyed . | . . . . . . Machines Disabled . | . . . . . . Actions | -11 -10 -9 -8 -7 -7 --------- Run | Yrd Mat Mat Mat Fac Low Total 908 | 20 93 83 117 595 . Wait 1 | . . . . 1 . Move 874 | 18 93 81 115 567 . Hop . | . . . . . . Pick Up 1 | . . . 1 . . Fast Attach 6 | 2 . . 1 3 . Attach 1 | . . . . 1 . Detach 1 | . . . . 1 . Swap . | . . . . . . Drop . | . . . . . . Fire 1 | . . . . 1 . Melee . | . . . . . . Ram 8 | . . 2 . 6 . Kick . | . . . . . . Crush . | . . . . . . Escape Stasis 15 | . . . . 15 . Rewire . | . . . . . . Trap . | . . . . . . Miscellaneous . | . . . . . . Route ------- -11/Scrapyard -10/Materials (discovered 2 exits: [*Mat] / [*Min]) -9/Materials -8/Materials -7/Factory -7/Lower Caves History --------- Turn | Location | Event 5 | -11/Scrapyard | Discovered new exit (range 15) 13 | -11/Scrapyard | Entered Materials 34 | -10/Materials | Discovered new exit (range 16) 55 | -10/Materials | Discovered new exit (range 11) 60 | -10/Materials | Entered another Materials area 60 | -9/Materials | Evolved 2 slots: Propulsion x2 96 | -9/Materials | Discovered new exit (range 16) 103 | -9/Materials | Entered another Materials area 103 | -8/Materials | Evolved 2 slots: Propulsion x1, Utility x1 156 | -8/Materials | Discovered new exit (range 16) 164 | -8/Materials | Entered Factory 164 | -7/Factory | Evolved 2 slots: Propulsion x2 305 | -7/Factory | Build established: Mutant 468 | -7/Factory | Discovered new exit (range 15) 478 | -7/Factory | Entered Lower Caves 478 | -7/Lower Caves | Self-destructed Last Messages --------------- 00297_ Field strength at 16. 00298_ Field strength at 10. 00299_ Field strength at 4. 00300_ Stasis field depleted. 00431_ ALERT: All DSF locations entering lockdown mode. 00433_ S-27 Virus destroyed. 00443_ Acquired Imp. Titanium Leg. 00447_ Acquired Imp. Carbon-fiber Leg. 00458_ Penetrated by Slug. 00458_ Lgt. Treads destroyed. 00461_ Penetrated by Slug. 00466_ Slammed into R-06 Scavenger. 00468_ EXIT=FOUND 00469_ Slammed into R-06 Scavenger. 00471_ Destabilizing: System corrupted (+2). 00473_ Slammed into R-06 Scavenger. 00475_ R-06 Scavenger knocked back. 00477_ Slammed into R-06 Scavenger. LOCATION=UNKNOWN GOAL=ESCAPE Map ----- +----------------------------------------------------+ | ?????????????????????????????????????????????? | | ?????????????????????????????????????????????? | | ?????????????????????????????????????????????? | | ?????????????????????????????????????????????? | | ?????????????????????????????????????????????? | | ?????????????????????????????????????????????? | | ?????????????????????????????????????????????? | | ?????????????????????????????????????????????? | | ?????????????????????????????????????????????? | | ?????????????????????????????????????????????? | | ?????????????????????????????????????????????? | | ?????????????????????????????????????????????? | | ?????????????????????????????????????????????? | | ?????????????????????????????????????????????? | | ?????????????????????????????????????????????? | | ?????????????????????????????????????????????? | | ?????????????????????????????????????????????? | | ?????????????????????????????????????????????? | | ????????????????????????###?##???????????????? | | ????????????????????????# ## #???????????????? | | ???????????????????????? #???????????????? | | ???????????????????????? #???????????????? | | ????????????????????????# #???????????????? | | ???????????????????????## #????????????????? | | ??????????????????????## #????????????????? | | ??????????????????????# @ #????????????????? | | ?????????????????????# #????????????????? | | ??????????????????? ##????????????????? | | ??????????????????# #?????????????????? | | ??????????????????## ?????????????????? | | ???????????????????# ?????????????????? | | ???????????????????# ## #????????????????? | | ???????????????????##?## #????????????????? | | ???????????????????????## #????????????????? | | ????????????????????????? #????????????????? | | ????????????????????????? #????????????????? | | ????????????????????????? ????????????????? | | ????????????????????????? #????????????????? | | ????????????????????????? ##????????????????? | | ????????????????????????? #??????????????????? | | ?????????????????????????#???????????????????? | | ?????????????????????????????????????????????? | | ?????????????????????????????????????????????? | | ?????????????????????????????????????????????? | | ?????????????????????????????????????????????? | | ?????????????????????????????????????????????? | | ?????????????????????????????????????????????? | | ?????????????????????????????????????????????? | | ?????????????????????????????????????????????? | | ?????????????????????????????????????????????? | +----------------------------------------------------+ Best States ------------- Heat Dissipation 34 Energy Generation 5 Energy Capacity 100 Matter Stores 142 Matter Capacity 300 Sight Range 16 Terrain Scan Density 10 Armor Coverage 150 Resistance: EM 15 Evasion (%) 50 Item Schematics ----------------- None Robot Schematics ------------------ None Fabricated ------------ Nothing Alien Tech Used ----------------- None Achievements -------------- None Challenges ------------ None Game ------ Seed IonicCannonTorch Manual? 0 Play Time 00:06:40 Cumulative 174.2 hours Start 2024.09.28 @ 16:54:12 End 2024.09.28 @ 17:02:03 Sessions 1 Manual Loads 0 Difficulty Rogue Special Mode None Game No. 138 Rogue 138 Adventurer 0 Explorer 0 Win Type - Total 8 Types 7/0/1/0/0/0/0/0/0 Lore% 44 Gallery% 58 Achievement% 56 Wizard Run 0 Options --------- Layout 0 ASCII 0 Keyboard 1 Movement Numpad Keybinds 0 Fullscreen 2 Font 18/X11 Map View 76x50 Zoom Use 0% Tactical HUD 1 Map Filters NONE Filters NONE Steam 1 RUN: 805538f1-5e7b-4412-8a1b-91808773c834